 Dungeon Crawl Stone Soup version 0.20-a0-940-g1ecfa5a (webtiles) character file.

9083 Rrauwl the Basher (level 11, -3/97 HPs)
             Began as a Troll Berserker on Mar 30, 2017.
             Was a High Priest of Trog.
             Slain by a blink frog (7 damage)
             ... on level 1 of the Lair of Beasts on Mar 31, 2017.
             The game lasted 00:31:39 (7409 turns).

Rrauwl the Basher (Troll Berserker)                 Turns: 7409, Time: 00:31:40

Health: -3/97      AC:  8    Str: 29    XL:     11   Next: 18%
Magic:  10/10      EV: 10    Int:  3    God:    Trog [*****.]
Gold:   655        SH:  0    Dex: 10    Spells: 10/10 levels left

rFire    + . .     SeeInvis +   I - +1 great mace (drain)
rCold    . . .     Gourm    +   (shield currently unavailable)
rNeg     + . .     Faith    .   b - +0 animal skin
rPois    .         Spirit   .   (helmet restricted)
rElec    .         Reflect  .   F - +0 cloak
rCorr    .         Harm     .   (gloves unavailable)
MR       ++...                  (boots unavailable)
Stlth    +.........             (no amulet)
Regen    1.7/turn               o - ring of positive energy
MPRegen  0.2/turn               w - ring of protection from fire

@: regenerating
A: unfitting armour, claws 3, horns 1, thin metallic scales 1, see invisible,
fast metabolism 3, gourmand, regeneration 1, shaggy fur 1, tough skin 2, subdued
magic 1
a: Berserk, Trog's Hand, Brothers in Arms, Burn Spellbooks, Renounce Religion


You were on level 1 of the Lair of Beasts.
You worshipped Trog.
Trog was extremely pleased with you.
You were very full.

You visited 3 branches of the dungeon, and saw 11 of its levels.

You collected 655 gold pieces.

Inventory:

Hand Weapons
 a - a +1 hand crossbow of velocity
 D - a +0 giant spiked club
 I - a +1 great mace of draining (weapon)
Missiles
 E - 125 bolts
Armour
 b - a +0 animal skin (worn)
 e - the scarf of Lugonu's Favour {*Corrode rC+ MP+9 Stlth+}
   (You acquired it on level 6 of the Dungeon)

   It protects you from cold.
   It affects your magic capacity (+9).
   It may corrode you when you take damage.
   It makes you more stealthy.
 F - a +0 cloak (worn)
Jewellery
 o - a ring of positive energy (left claw)
 t - a +3 ring of dexterity
 w - a ring of protection from fire (right claw)
 G - an uncursed ring of resist corrosion
 H - an uncursed amulet of rage
Wands
 m - a wand of flame (20/48)
 y - a wand of digging (16/24)
 A - a wand of lightning (9/15)
 C - a wand of lightning (9/15)
Scrolls
 d - 9 scrolls of remove curse
 f - 4 scrolls of identify
 h - a scroll of fog
 k - 4 scrolls of blinking
 q - 3 scrolls of teleportation
 u - a scroll of fear
 z - 2 scrolls of amnesia
Potions
 i - a potion of brilliance
 j - 3 potions of magic
 p - a potion of flight
 r - 2 potions of curing
 s - 2 potions of mutation
 x - a potion of berserk rage
 B - a potion of heal wounds
Comestibles
 c - 12 bread rations
 g - 4 chunks of flesh
 l - 5 royal jellies
 n - 3 meat rations


   Skills:
 - Level 3.0 Fighting
 + Level 14.8 Maces & Flails
 - Level 3.0 Armour
 - Level 3.0 Dodging


You had 10 spell levels left.
You didn't know any spells.

Dungeon Overview and Level Annotations

Branches:
Dungeon (9/15)             Temple (1/1) D:4            Lair (1/6) D:9
    Orc: D:9-12

Altars:
Ashenzari
Cheibriados
Dithmenos
Elyvilon
Fedhas
Gozag
Hepliaklqana
Kikubaaqudgha
Makhleb
Nemelex Xobeh
Okawaru
Qazlal
Ru
Sif Muna
Trog
Uskayaw
Vehumet
Wu Jian
Xom
Yredelemnul
Zin
The Shining One


Innate Abilities, Weirdness & Mutations

You are too large for most types of armour.
You have claws for hands.
Your metabolism is lightning-fast.
You like to eat raw meat.
Your natural rate of healing is unusually fast.
You are covered in fur. (AC +1)
You have very tough skin. (AC +2)
You have a pair of small horns on your head.
You are partially covered in thin metallic scales. (AC +2)
You have supernaturally acute eyesight. (SInv)
Your spells are a little easier to cast, but a little less powerful.


Message History

* * * LOW HITPOINT WARNING * * *
The blink frog hits you.
* * * LOW HITPOINT WARNING * * *
You sock the blink frog! You drain the blink frog!
The blink frog is severely wounded.
The blink frog blinks!
The blink frog hits you!
* * * LOW HITPOINT WARNING * * *
You feel much better. The blink frog hits you!
* * * LOW HITPOINT WARNING * * *
The blink frog blinks!
The blink frog hits you!
* * * LOW HITPOINT WARNING * * *
You hit the blink frog. You headbutt the blink frog!
The blink frog is heavily wounded.
The blink frog blinks!
You barely miss the blink frog. Your headbutt misses the blink frog.
The blink frog is heavily wounded.
The blink frog hits you!
* * * LOW HITPOINT WARNING * * *
The blink frog hits you!
You die...

### #########
####.########P##@##.#######
....†....<.....FF§.........
.........>........F....F...
...........................
.....................§.....
........................§..
...........................
...........................
.....................(.....


You could see 4 blink frogs.

Vanquished Creatures
  4 two-headed ogres
  The ghost of Conn321 the Chiller, a novice OpIE (D:6)
  A queen bee (D:9)
  Grinder (D:3)
  4 blink frogs (Lair:1)
  2 hippogriffs (D:8)
  A spriggan (D:8)
  Eustachio (D:4)
  A wyvern (D:9)
  6 humans (D:6)
  2 orc warriors
  A black bear (D:9)
  3 ogres
  2 centaurs
  A big kobold (D:7)
  4 bullfrogs
  5 scorpions
  A wyvern skeleton (D:6)
  11 killer bees (D:9)
  9 wights
  2 crimson imps (D:7)
  5 hounds
  3 centaur skeletons
  3 orc wizards
  A quasit (D:9)
  3 bullfrog skeletons
  2 orc priests
  2 jellies
  4 iguanas
  Terence (D:3)
  9 worker ants
  A hound skeleton (D:5)
  A hound zombie (D:8)
  10 adders
  A shadow imp (D:6)
  3 oozes
  An adder zombie (D:7)
  2 adder skeletons
  4 worms
  4 dart slugs
  5 leopard geckos
  25 orcs
  9 bats
  10 giant cockroaches
  14 goblins
  6 hobgoblins
  12 jackals
  18 kobolds
  A ball python (D:3)
  8 frilled lizards
  6 rats
237 creatures vanquished.

Notes
Turn   | Place    | Note
-------+----------+-------------------------------------------
     0 | D:1      | Rrauwl the Troll Berserker began the quest for the Orb.
     0 | D:1      | Reached XP level 1. HP: 22/22 MP: 0/0
    88 | D:1      | Reached XP level 2. HP: 27/29 MP: 1/1
   169 | D:1      | Reached skill level 3 in Maces & Flails
   274 | D:1      | Reached ** piety under Trog
   301 | D:1      | Reached XP level 3. HP: 36/36 MP: 2/2
   772 | D:2      | Found a glowing golden altar of the Shining One.
   931 | D:2      | Reached XP level 4. HP: 45/45 MP: 3/3
  1122 | D:3      | Noticed Grinder
  1129 | D:3      | Killed Grinder
  1129 | D:3      | Reached skill level 4 in Maces & Flails
  1129 | D:3      | Reached XP level 5. HP: 53/53 MP: 4/4
  1129 | D:3      | Reached XP level 6. HP: 61/61 MP: 5/5
  1516 | D:3      | Found a stormy altar of Qazlal.
  1674 | D:3      | Noticed Terence
  1681 | D:3      | Killed Terence
  1681 | D:3      | Reached *** piety under Trog
  1730 | D:3      | Reached skill level 5 in Maces & Flails
  2076 | D:4      | Noticed Eustachio
  2089 | D:4      | Killed Eustachio
  2089 | D:4      | Reached skill level 6 in Maces & Flails
  2089 | D:4      | Reached XP level 7. HP: 67/67 MP: 6/6
  2396 | D:4      | Found a deep blue altar of Sif Muna.
  2401 | D:4      | Found an ancient bone altar of Kikubaaqudgha.
  2401 | D:4      | Found a white marble altar of Elyvilon.
  2510 | D:4      | Found a staircase to the Ecumenical Temple.
  2659 | Temple   | Entered the Ecumenical Temple
  3001 | D:4      | Reached skill level 7 in Maces & Flails
  3033 | D:5      | Entered Level 5 of the Dungeon
  3204 | D:5      | You fall through a shaft for 3 floors!
  3214 | D:8      | Noticed a two-headed ogre
  3220 | D:8      | Killed a two-headed ogre
  3220 | D:8      | Reached skill level 9 in Maces & Flails
  3220 | D:8      | Reached XP level 8. HP: 75/75 MP: 7/7
  3319 | D:8      | Found a snail-covered altar of Cheibriados.
  3392 | D:7      | Found a shadowy altar of Dithmenos.
  3399 | D:7      | Reached **** piety under Trog
  3614 | D:5      | Found a hazy altar of Hepliaklqana.
  3677 | D:5      | Found a shattered altar of Ashenzari.
  3698 | D:5      | Found an opulent altar of Gozag.
  3705 | D:5      | Reached skill level 10 in Maces & Flails
  4040 | D:5      | Found a glowing silver altar of Zin.
  4211 | D:6      | Gained mutation: Your body sometimes deteriorates upon taking damage. [potion of mutation]
  4211 | D:6      | Gained mutation: You tend to lose your temper in combat. [potion of mutation]
  4211 | D:6      | Gained mutation: You are partially covered in iridescent scales. (AC +2) [potion of mutation]
  4212 | D:6      | Lost mutation: Your body sometimes deteriorates upon taking damage. [potion of mutation]
  4212 | D:6      | Lost mutation: You tend to lose your temper in combat. [potion of mutation]
  4212 | D:6      | Lost mutation: You are partially covered in iridescent scales. (AC +2) [potion of mutation]
  4212 | D:6      | Gained mutation: You have supernaturally acute eyesight. (SInv) [potion of mutation]
  4212 | D:6      | Gained mutation: You are partially covered in thin metallic scales. (AC +2) [potion of mutation]
  4212 | D:6      | Gained mutation: Your spells are a little easier to cast, but a little less powerful. [potion of mutation]
  4212 | D:6      | Gained mutation: You have a pair of small horns on your head. [potion of mutation]
  4314 | D:6      | Reached XP level 9. HP: 78/81 MP: 8/8
  4365 | D:6      | Reached skill level 11 in Maces & Flails
  4614 | D:6      | Identified a scroll of acquirement
  4615 | D:6      | Got a smoking scarf
  4626 | D:6      | Identified the scarf of Lugonu's Favour {*Corrode rC+ MP+9 Stlth+} (You acquired it on level 6 of the Dungeon)
  4747 | D:6      | Found an iron altar of Okawaru.
  4890 | D:6      | Noticed Conn321's ghost (novice OpIE)
  4907 | D:6      | Killed Conn321's ghost
  5100 | D:7      | Reached skill level 12 in Maces & Flails
  5140 | D:7      | Found a snail-covered altar of Cheibriados.
  5705 | D:7      | Reached ***** piety under Trog
  5758 | D:8      | Reached XP level 10. HP: 89/91 MP: 9/9
  5995 | D:8      | Noticed a two-headed ogre
  6024 | D:8      | Killed a two-headed ogre
  6024 | D:8      | Reached skill level 13 in Maces & Flails
  6356 | D:8      | Found a burning altar of Makhleb.
  6415 | D:9      | Noticed a two-headed ogre
  6421 | D:9      | Killed a two-headed ogre
  6572 | D:9      | Noticed a two-headed ogre
  6581 | D:9      | Killed a two-headed ogre
  6581 | D:9      | Reached skill level 14 in Maces & Flails
  6710 | D:9      | Found a staircase to the Lair.
  6946 | D:9      | Received a gift from Trog
  6946 | D:9      | Reached XP level 11. HP: 97/97 MP: 10/10
  7341 | Lair:1   | Entered Level 1 of the Lair of Beasts
  7409 | Lair:1   | HP: 4/97 [blink frog (10)]
  7409 | Lair:1   | Slain by a blink frog

Vault maps used:
D:1:      onia_arrival_mini_maze
D:2:      lemuel_doored_altar, first_bread
D:3:      lemuel_crystal_altar, uniq_grinder, uniq_terence
D:4:      gammafunk_temple_overflow_forgotten, minmay_temple_entry_overgrown,
          minmay_ogre_servants, uniq_eustachio
D:5:      marbit_many_paths, overflow_temple_1_default,
          nicolae_overflow_crystal_walls, lemuel_round_altar
D:6:      lemuel_round_altar, minmay_ruffians
D:7:      nicolae_dithmenos_through_a_glass_darkly, basic_altar
D:8:      overflow_temple_1_default, kennysheep_little_box, the_bakery
D:9:      lair_entry_dummy, nicolae_looking_at_the_future
Temple:   jpeg_temple_island
Lair:1:   grunt_megastairs_2

Skill      XL: |  1  2  3  4  5  6  7  8  9 10 |
---------------+-------------------------------+-----
Maces & Flails | 3 4 6 9 10 12 14 | 14.8
Fighting       | 3 |  3.0
Dodging        | 3 |  3.0
Armour         | 2 3 |  3.0

Action                   |  1- 3 |  4- 6 |  7- 9 | 10-12 || total
-------------------------+-------+-------+-------+-------++-------
Melee: Mace              |   127 |   114 |       |       ||   241
       Flail             |       |    25 |   338 |   140 ||   503
       Headbutt          |       |       |    34 |    28 ||    62
       Great mace        |       |       |       |    47 ||    47
Invok: Berserk           |       |     3 |     2 |     4 ||     9
       Burn Spellbooks   |       |       |     1 |     1 ||     2
       Trog's Hand       |       |       |       |     1 ||     1
  Use: Scroll            |       |       |    15 |     1 ||    16
       Potion            |       |       |    12 |     1 ||    13
 Stab: Sleeping          |       |       |     2 |       ||     2
  Eat: Chunk             |    14 |    13 |    38 |    19 ||    84
Armor: Animal skin       |    67 |    44 |    88 |    50 ||   249
Dodge: Dodged            |   100 |    97 |   132 |    84 ||   413
